 Dungeon Crawl Stone Soup version 0.27-a0-1186-g8b4daa1eef (webtiles) character file.

Game seed: 8677275555103184289

185 leviel the Covered (level 5, 0/46 HPs)
             Began as a Minotaur Fighter on May 19, 2021.
             Slain by Grinder (1 damage)
             ... on level 3 of the Dungeon.
             The game lasted 00:01:29 (1798 turns).

leviel the Covered (Minotaur Fighter)               Turns: 1798, Time: 00:01:30

Health: 0/46       AC:  7    Str: 22    XL:     5   Next: 37%
Magic:  6/6        EV:  7    Int:  5    God:
Gold:   38         SH:  9    Dex:  9    Spells: 4/4 levels left

rFire    . . .     SeeInvis .   a - +0 war axe
rCold    . . .     Faith    .   c - +0 kite shield
rNeg     . . .     Spirit   .   b - +0 scale mail
rPois    .         Reflect  .   (helmet restricted)
rElec    .         Harm     .   (no cloak)
rCorr    .         Rampage  .   (no gloves)
Will     .....                  (no boots)
Stlth    ..........             (no amulet)
HPRegen  0.15/turn              (no ring)
MPRegen  0.10/turn              (no ring)

@: mighty
A: horns 2, retaliatory headbutt
a: no special abilities


You were on level 3 of the Dungeon.
You visited 1 branch of the dungeon, and saw 3 of its levels.

You collected 38 gold pieces.

Inventory:

Hand Weapons
 a - a +0 war axe (weapon)
Armour
 b - a +0 scale mail (worn)
 c - a +0 kite shield (worn)
Jewellery
 i - a ring of wizardry
Scrolls
 e - 2 scrolls of immolation {unknown}
 f - a scroll of amnesia {unknown}
Potions
 g - a potion of lignification {unknown}
 h - a potion of haste {unknown}


   Skills:
 + Level 4.1 Fighting
 * Level 4.1 Axes
 + Level 4.6 Armour
 + Level 0.1 Dodging
 + Level 4.1 Shields
 * Level 2.7 Invocations


You had 4 spell levels left.
You didn't know any spells.
Your spell library contained the following spells:

 Spells                   Type           Power      Damage    Failure   Level
 Magic Dart               Conj           0%         1d3       99%         1
 Searing Ray              Conj           0%         3d3       100%        2
 Dazzling Flash           Conj/Hex       0%         N/A       100%        3
 Fulminant Prism          Conj/Hex       0%         3d6       100%        4
 Iskenderun's Mystic Bla  Conj/Tloc      0%         2d3       100%        4


Dungeon Overview and Level Annotations

Branches:
Dungeon (3/15)

Altars:

Annotations:
D:3 Grinder


Innate Abilities, Weirdness & Mutations

You have a pair of horns on your head.
You reflexively headbutt those who attack you in melee.


Message History

There are monsters nearby!
The kobold hits you but does no damage.
You feel very mighty all of a sudden.
Grinder blinks!
The kobold barely misses you.
You closely miss the kobold. The kobold hits you but does no damage.
You block the kobold's attack.
You slash the kobold!
You kill the kobold!
Grinder gestures at you.
You suddenly lose the ability to move!
Grinder says, "Wait up."
Grinder hits you!
You writhe in agony.
Grinder hits you but does no damage. Grinder hits you.
You writhe in agony.
You can move again.
You are too injured to fight recklessly!
You are too injured to fight recklessly!
Unknown command.
You are too injured to fight recklessly!
You are too injured to fight recklessly!
You are too injured to fight recklessly!
You are too injured to fight recklessly!
You closely miss Grinder. Grinder hits you.
You writhe in agony.
You closely miss Grinder. Grinder gestures at you.
Pain shoots through your body!
* * * LOW HITPOINT WARNING * * *
Grinder barely misses you.
You slash Grinder!
Grinder is moderately wounded.
Grinder hits you.
* * * LOW HITPOINT WARNING * * *
You slash Grinder! Your headbutt misses Grinder.
Grinder is heavily wounded.
Grinder hits you.
* * * LOW HITPOINT WARNING * * *
You writhe in agony.
* * * LOW HITPOINT WARNING * * *
Grinder hits you.
You die...

#. ... ... . #######
##..... # ....#
#.###.#.# #.5@....#
##+## #.)##...#
##...# #..#....#
##..... #..#.#..##
##......
#........####.......
#.##........'.......
#........####.......
####.......###......
#######.# ##.....


You could see Grinder.

Vanquished Creatures
  A hound (D:2)
  Natasha (thrice) (D:2)
  4 adders
  4 dart slugs
  6 ball pythons
  3 bats
  2 endoplasms
  4 giant cockroaches
  2 goblins (D:2)
  2 hobgoblins
  3 kobolds
  5 frilled lizards
  3 rats
42 creatures vanquished.

Notes
Turn   | Place    | Note
-------+----------+-------------------------------------------
     0 | D:1      | leviel the Minotaur Fighter began the quest for the Orb.
     0 | D:1      | Reached XP level 1. HP: 19/19 MP: 0/0
   205 | D:1      | Found a faded altar of an unknown god.
   265 | D:1      | Reached XP level 2. HP: 27/27 MP: 1/1
   705 | D:2      | Reached skill level 1 in Invocations
   705 | D:2      | Reached XP level 3. HP: 28/33 MP: 2/2
   839 | D:2      | Noticed Natasha
   848 | D:2      | Killed Natasha
   851 | D:2      | Noticed Natasha
   857 | D:2      | Killed Natasha
   858 | D:2      | Reached XP level 4. HP: 14/40 MP: 2/4
  1427 | D:2      | Noticed Natasha
  1431 | D:2      | Killed Natasha
  1488 | D:2      | Reached XP level 5. HP: 38/46 MP: 5/5
  1787 | D:3      | Noticed Grinder
  1791 | D:3      | Paralysed by Grinder for 4 turns
  1798 | D:3      | HP: 1/46 [Grinder (3)]
  1798 | D:3      | Slain by Grinder

Illustrated notes

Levels and vault maps discovered:
D:1:      wander_arrival_fairy_ring, layout_loops_cross,
          shapermc_ecumenical_altar_notcrosses
D:2:      layout_loops_cross, minmay_misc_feat_encased,
          kennysheep_big_empty_room, uniq_natasha
D:3:      layout_loops_corners, lemuel_tele_altar, corner_web_ring,
          minmay_misc_feat_hallway, uniq_grinder

Skill      XL: |  1  2  3  4  5 |
---------------+----------------+-----
Armour         | 4 |  4.6
Invocations    | 1 2 |  2.7
Axes           | 3 4 |  4.1
Shields        | 4 |  4.1
Fighting       | 4 |  4.1
Dodging        | |  0.1

Action                   |  1- 3 |  4- 6 || total
-------------------------+-------+-------++-------
Melee: War axe           |    44 |    48 ||    92
       Headbutt          |     8 |     4 ||    12
  Use: Potion            |       |     1 ||     1
Armor: Scale mail        |    16 |    19 ||    35
Dodge: Dodged            |     9 |    18 ||    27
Block: Kite shield       |    25 |    29 ||    54

Table legend: (Time is in decaauts)
 A = Elapsed time spent in this place.
 B = Non-inter-level travel time spent in this place.
 C = Inter-level travel time spent in this place.
 D = Time resting spent in this place.
 E = Time spent auto-exploring this place.
 F = Levels seen in this place.
 G = Mean time per level.
                   A        B        C        D        E       F      G
               +--------+--------+--------+--------+--------+-----+--------+
         Total |   1848 |   1784 |     64 |    198 |   1320 |   3 |  616.0 |
       Dungeon |   1848 |   1784 |     64 |    198 |   1320 |   3 |  616.0 |
               +--------+--------+--------+--------+--------+-----+--------+

Top non-repeatable levels by time:
     D:2: 1056 daAuts
     D:1: 683 daAuts
     D:3: 109 daAuts
